 Dungeon Crawl Stone Soup version 0.20.1-1-g8b1a95d (webtiles) character file.

5632 galech the Grappler (level 10, -4/94 HPs)
             Began as a Troll Monk on July 18, 2017.
             Was a High Priest of Okawaru.
             Slain by a killer bee (5 damage)
             ... on level 9 of the Dungeon.
             The game lasted 00:15:19 (8447 turns).

galech the Grappler (Troll Monk)                    Turns: 8447, Time: 00:15:21

Health: -4/94      AC:  5    Str: 28    XL:     10   Next: 46%
Magic:  7/9        EV: 14    Int:  6    God:    Okawaru [*****.]
Gold:   609        SH:  0    Dex: 10    Spells: 9/9 levels left

rFire    + . .     SeeInvis .     - Unarmed
rCold    + + .     Gourm    +   (no shield)
rNeg     . . .     Faith    .   a - +0 robe
rPois    .         Spirit   .   (helmet restricted)
rElec    .         Reflect  .   k - scarf {rC+ rF+}
rCorr    .         Harm     .   (gloves unavailable)
MR       .....                  (boots unavailable)
Stlth    ++........             v - amulet of magic regeneration
Regen    0.7/turn               j - ring of loudness (curse)
MPRegen  0.2/turn               m - +4 ring of strength

@: lethally poisoned (-4 -> -8), about to teleport, heroism
A: unfitting armour, claws 3, clumsy 1, cold resistance 1, fast metabolism 3,
gourmand, regeneration 1, shaggy fur 1, tough skin 2
a: Heroism, Finesse, Renounce Religion


You were on level 9 of the Dungeon.
You worshipped Okawaru.
Okawaru was extremely pleased with you.
You were not hungry.

You visited 2 branches of the dungeon, and saw 11 of its levels.
You also visited: Ossuary.

You collected 609 gold pieces.

Inventory:

Armour
 a - a +0 robe (worn)
 k - a scarf of resistance (worn)
 y - the scarf of the Kangaroo {rF- rC+ rCorr}
   (You found it on level 6 of the Dungeon)

   It makes you vulnerable to fire.
   It protects you from cold.
   It protects you from acid and corrosion.
Jewellery
 j - a cursed ring of loudness (left claw)
 m - a +4 ring of strength (right claw)
 v - an amulet of magic regeneration (around neck)
 I - an uncursed ring of magical power
 O - an uncursed ring of positive energy
Wands
 s - a wand of disintegration (8/24)
 w - a wand of iceblast (7/15)
 L - a wand of enslavement (8/24)
 M - a wand of polymorph (9/24)
Scrolls
 d - a scroll of enchant weapon
 i - 2 scrolls of teleportation
 l - 3 scrolls of magic mapping
 r - a scroll of fear
 t - a scroll of random uselessness
 u - 2 scrolls of immolation {unknown}
 z - 6 scrolls of enchant armour
 B - 2 scrolls of remove curse
 D - 5 scrolls of identify
 E - 2 scrolls of amnesia
 F - a scroll of fog
 H - a scroll of noise {unknown}
 P - a scroll of torment {unknown}
 Q - a scroll of acquirement {unknown}
Potions
 c - 2 potions of magic {unknown}
 e - 4 potions of flight {unknown}
 g - a potion of lignification {unknown}
 h - 5 potions of curing
 n - 2 potions of ambrosia {unknown}
 p - a potion of heal wounds {unknown}
 q - 2 potions of might {unknown}
 x - 3 potions of degeneration {unknown}
 A - 2 potions of berserk rage {unknown}
 C - 2 potions of brilliance {unknown}
 G - a potion of invisibility {unknown}
 J - a potion of mutation {unknown}
 K - 2 potions of agility {unknown}
Comestibles
 b - 7 bread rations
 f - 10 fruits
 o - 8 meat rations
 N - 3 royal jellies


   Skills:
 + Level 4.8(9.8) Fighting
 + Level 6.0(11.0) Dodging
 + Level 2.2(7.2) Stealth
 + Level 12.8(17.8) Unarmed Combat
 + Level 0.5 Invocations


You had 9 spell levels left.
You didn't know any spells.

Dungeon Overview and Level Annotations

Branches:
Dungeon (10/15)            Temple (1/1) D:7            Lair (0/6) D:8
    Orc: D:9-12

Altars:
Ashenzari
Cheibriados
Dithmenos
Elyvilon
Fedhas
Gozag
Hepliaklqana
Kikubaaqudgha
Makhleb
Nemelex Xobeh
Okawaru
Qazlal
Ru
Sif Muna
Trog
Uskayaw
Vehumet
Xom
Yredelemnul
Zin
The Shining One

Shops:
D:5 =


Innate Abilities, Weirdness & Mutations

You are too large for most types of armour.
You have claws for hands.
Your metabolism is lightning-fast.
You like to eat raw meat.
Your natural rate of healing is unusually fast.
You are covered in fur. (AC +1)
You have very tough skin. (AC +2)
You are clumsy. (Dex -2)
Your flesh is cold resistant. (rC+)


Message History

The killer bee poisons you! The killer bee closely misses you. x2
You feel better. The killer bee misses you.
The killer bee completely misses you. The killer bee stings you.
* * * LOW HITPOINT WARNING * * *
The killer bee stings you!
* * * LOW HITPOINT WARNING * * *
You are poisoned.
The killer bee poisons you! The killer bee stings you.
* * * LOW HITPOINT WARNING * * *
The killer bee stings you.
* * * LOW HITPOINT WARNING * * *
You are lethally poisoned!
The killer bee poisons you!
As you read the scroll of teleportation, it crumbles to dust.
You feel strangely unstable.
* * * LOW HITPOINT WARNING * * *
You feel sick. The killer bee barely misses you. The killer bee stings you.
* * * LOW HITPOINT WARNING * * *
The killer bee closely misses you. The killer bee stings you.
You die...

#.# ##.## #.# ###
#.# #.# #######
#.# #.....# #.#
#.###.#
##.###.###.#
#.......##y######
#..###.....@y...#
##...##....y####.#
#.....####### #.#
##...## #.#
######..## ###.###
........# #.....#
#######.# ##.###.#
# ##'## #..# #.# #
##...## #..###.#


You could see 3 killer bees.

Vanquished Creatures
  2 two-headed ogres
  Prince Ribbit (D:7)
  5 wyverns
  A wraith (Ossuary)
  A hungry ghost (D:9)
  An ice beast (D:5)
  2 orc warriors
  A black bear (D:5)
  2 phantoms (D:9)
  A swamp drake (D:8)
  5 sky beasts
  A necrophage (D:6)
  3 ogres
  A centaur (D:7)
  A bullfrog (D:6)
  2 scorpions (D:4)
  A killer bee (D:10)
  A crimson imp (D:8)
  A centaur zombie (D:5)
  3 bullfrog zombies
  A human zombie (D:8)
  3 orc priests
  3 hounds
  6 orc wizards
  A bullfrog skeleton (D:9)
  2 jellies
  A centaur skeleton (D:5)
  Natasha (twice) (D:2)
  Terence (D:2)
  3 iguanas
  6 worker ants
  A killer bee zombie (D:9)
  3 mummies (Ossuary)
  Robin (D:1)
  11 gnolls
  A howler monkey skeleton (D:4)
  17 adders
  An ooze (D:1)
  An adder skeleton (D:7)
  3 worms
  2 dart slugs
  9 leopard geckos
  17 orcs
  3 giant cockroaches
  23 goblins
  10 hobgoblins
  2 jackals (D:4)
  4 kobolds
  6 quokkas
  4 ball pythons
  3 bats
  3 gnoll zombies
  5 goblin zombies (Ossuary)
  2 hobgoblin zombies (Ossuary)
  A jackal zombie (D:8)
  4 kobold zombies (Ossuary)
  A quokka skeleton (D:5)
  8 rats
  A butterfly (Temple)
212 creatures vanquished.

Vanquished Creatures (others)
  A goblin (D:2)
1 creature vanquished.

Grand Total: 213 creatures vanquished

Notes
Turn   | Place    | Note
-------+----------+-------------------------------------------
     0 | D:1      | galech the Troll Monk began the quest for the Orb.
     0 | D:1      | Reached XP level 1. HP: 22/22 MP: 0/0
   130 | D:1      | Reached XP level 2. HP: 29/29 MP: 1/1
   932 | D:1      | Reached XP level 3. HP: 18/36 MP: 2/2
  1067 | D:2      | Reached XP level 4. HP: 44/44 MP: 3/3
  1204 | D:2      | Noticed Robin
  1229 | D:1      | Killed Robin
  1358 | D:2      | Reached skill level 4 in Unarmed Combat
  1358 | D:2      | Reached XP level 5. HP: 44/52 MP: 4/4
  1413 | D:2      | Noticed Terence
  1424 | D:2      | Killed Terence
  1448 | D:2      | Noticed Natasha
  1450 | D:2      | Killed Natasha
  1742 | D:2      | Noticed Natasha
  1758 | D:2      | Killed Natasha
  1758 | D:2      | Reached skill level 5 in Unarmed Combat
  1758 | D:2      | Reached XP level 6. HP: 55/61 MP: 5/5
  2019 | D:3      | Found a sacrificial altar of Ru.
  2940 | D:4      | Reached skill level 6 in Unarmed Combat
  3043 | D:3      | Found a sparkling altar of Nemelex Xobeh.
  3085 | D:4      | Reached XP level 7. HP: 51/67 MP: 6/6
  3549 | D:4      | Found a hazy altar of Hepliaklqana.
  3807 | D:5      | Entered Level 5 of the Dungeon
  3847 | D:5      | Reached skill level 7 in Unarmed Combat
  4092 | D:5      | Found Yfacleq's Jewellery Boutique.
  4107 | D:5      | Reached XP level 8. HP: 61/75 MP: 7/7
  4233 | D:5      | Found a shattered altar of Ashenzari.
  4347 | D:6      | Reached skill level 8 in Unarmed Combat
  4367 | D:6      | Found a blossoming altar of Fedhas.
  4522 | D:6      | Got a scorched scarf
  4533 | D:6      | Identified the scarf of the Kangaroo {rF- rC+ rCorr} (You found it on level 6 of the Dungeon)
  4578 | D:6      | HP: 3/77 [orc warrior/glaive (5)]
  4882 | D:6      | Found a white marble altar of Elyvilon.
  5099 | D:6      | Reached skill level 9 in Unarmed Combat
  5282 | D:6      | Reached skill level 5 in Dodging
  5453 | D:7      | Found a staircase to the Ecumenical Temple.
  5461 | Temple   | Entered the Ecumenical Temple
  5497 | Temple   | Became a worshipper of Warmaster Okawaru
  5497 | Temple   | Reached * piety under Okawaru
  5497 | Temple   | Reached ** piety under Okawaru
  5600 | D:7      | Gained mutation: Your flesh is cold resistant. (rC+) [mutagenic meat]
  5713 | D:7      | Noticed a two-headed ogre
  5721 | D:7      | Killed a two-headed ogre
  5721 | D:7      | Reached skill level 10 in Unarmed Combat
  5721 | D:7      | Reached XP level 9. HP: 62/83 MP: 8/8
  5774 | D:7      | Noticed Prince Ribbit
  5782 | D:7      | Killed Prince Ribbit
  6134 | D:7      | Reached *** piety under Okawaru
  6284 | D:8      | Reached skill level 11 in Unarmed Combat
  6409 | D:8      | Found a sand-covered staircase.
  6431 | Ossuary  | Entered an ossuary
  6447 | Ossuary  | Gained mutation: You are clumsy. (Dex -2) [mutagenic meat]
  7132 | D:8      | You fall through a shaft for 2 floors!
  7132 | D:10     | Entered Level 10 of the Dungeon
  7295 | D:9      | Reached XP level 10. HP: 90/93 MP: 9/9
  7332 | D:9      | Reached skill level 12 in Unarmed Combat
  7394 | D:9      | Reached **** piety under Okawaru
  7687 | D:8      | Found a staircase to the Lair.
  7799 | D:8      | Noticed a two-headed ogre
  7803 | D:8      | Killed a two-headed ogre
  7803 | D:8      | Reached ***** piety under Okawaru
  8447 | D:9      | HP: 3/94 [poisoned by a killer bee]
  8447 | D:9      | HP: 1/94 [killer bee (2)]
  8447 | D:9      | Slain by a killer bee

Skill      XL: |  1  2  3  4  5  6  7  8  9 10 |
---------------+-------------------------------+-----
Dodging        | 3 4 5 6 |  6.0
Unarmed Combat | 4 5 6 7 10 11 12 | 12.8
Fighting       | 3 4 |  4.8
Stealth        | 2 |  2.2
Invocations    | |  0.5

Action                   |  1- 3 |  4- 6 |  7- 9 | 10-12 || total
-------------------------+-------+-------+-------+-------++-------
Melee: Unarmed           |    73 |   201 |   302 |    72 ||   648
       Punch             |       |     3 |    17 |     3 ||    23
Invok: Heroism           |       |       |     2 |     1 ||     3
  Use: Scroll            |       |       |     9 |     1 ||    10
       Potion            |       |       |       |     1 ||     1
 Stab: Sleeping          |     2 |       |       |       ||     2
       Distracted        |     2 |       |       |       ||     2
  Eat: Chunk             |    15 |    13 |    43 |    13 ||    84
Armor: Robe              |    26 |    65 |    48 |    13 ||   152
Dodge: Dodged            |    28 |   110 |   135 |    58 ||   331
